 Dungeon Crawl Stone Soup version 0.22-a0-83-g218e7ff (webtiles) character file.

7 travisno the Grasshopper (level 2, 0/22 HPs)
             Began as a Human Warper on Jan 19, 2018.
             Slain by a kobold (3 damage)
             ... on level 1 of the Dungeon.
             The game lasted 00:01:42 (238 turns).

travisno the Grasshopper (Human Warper)              Turns: 238, Time: 00:01:43

Health: 0/22       AC:  3    Str: 11    XL:     2   Next: 5%
Magic:  5/5        EV: 12    Int: 13    God:
Gold:   0          SH:  0    Dex: 12    Spells: 1/5 levels left

rFire    . . .     SeeInvis .   a - +0 spear
rCold    . . .     Gourm    .   (no shield)
rNeg     . . .     Faith    .   b - +0 leather armour
rPois    .         Spirit   .   (no helmet)
rElec    .         Reflect  .   (no cloak)
rCorr    .         Harm     .   (no gloves)
MR       .....                  (no boots)
Stlth    +.........             (no amulet)
HPRegen  0.07/turn              (no ring)
MPRegen  0.09/turn              (no ring)

@: no status effects
A: no striking features
a: no special abilities


You were on level 1 of the Dungeon.
You were not hungry.

You visited 1 branch of the dungeon, and saw 1 of its levels.

Inventory:

Hand Weapons
 a - a +0 spear (weapon)
Missiles
 e - 5 tomahawks of dispersal (quivered)
Armour
 b - a +0 leather armour (worn)
Scrolls
 d - a scroll of blinking
 g - a scroll of amnesia {unknown}
 h - a scroll of remove curse {unknown}
Books
 c - a book of Spatial Translocations

   Spells                             Type                      Level
   a - Blink                          Translocation                2
   b - Shroud of Golubria             Charms/Translocation         2
   c - Lesser Beckoning               Translocation                3
   d - Gell's Gravitas                Translocation                3
   e - Teleport Other                 Translocation                3
   f - Passage of Golubria            Translocation                4
Comestibles
 f - a ration


   Skills:
 + Level 2.0 Fighting
 + Level 2.6 Polearms
 + Level 1.0 Throwing
 + Level 1.0 Armour
 + Level 2.0 Dodging
 + Level 2.0 Spellcasting
 + Level 3.0 Translocations


You had one spell level left.
You knew the following spells:

 Your Spells              Type           Power        Failure   Level  Hunger
a - Shroud of Golubria    Chrm/Tloc      #.........   26%         2    ###....
b - Blink                 Tloc           N/A          14%         2    ###....


Dungeon Overview and Level Annotations

Branches:
Dungeon (1/15)

Altars:


Message History

The slug dart hits you!
* * * LOW HITPOINT WARNING * * *
The dart slug launches a dart at you. The slug dart hits you!
* * * LOW HITPOINT WARNING * * *
The dart slug launches a dart at you. The slug dart hits you!
* * * LOW HITPOINT WARNING * * *
Things that are here:
a short sword; a kobold corpse The kobold barely misses you.
You see here a stone.
The kobold misses you.
You see here a leopard gecko corpse.
The kobold misses you. The kobold completely misses you. The kobold misses you.
The kobold barely misses you.
Found a spear.
The kobold hits you.
You die...

.## ... ..) # ......# #.##
.#.. ......# ##..#####......
.......###..............
.......##..#........... #>
#.................# #.
#......@..........##
#.##....KKl...........###
#...................#....
#........................
##..................#####.
####........l.....>....##
...........†......#.#...####
..###..........#..#........#
# #..........#..#...#.##...
#


You could see a leopard gecko, 2 kobolds and a frilled lizard.

Vanquished Creatures
  2 leopard geckos (D:1)
  2 bats (D:1)
  A kobold (D:1)
5 creatures vanquished.

Notes
Turn   | Place    | Note
-------+----------+-------------------------------------------
     0 | D:1      | travisno the Human Warper began the quest for the Orb.
     0 | D:1      | Reached XP level 1. HP: 16/16 MP: 3/3
   156 | D:1      | Reached XP level 2. HP: 12/22 MP: 5/5
   167 | D:1      | Learned a level 2 spell: Shroud of Golubria
   170 | D:1      | Learned a level 2 spell: Blink
   210 | D:1      | HP: 1/22 [dart slug/slug dart (2)]
   238 | D:1      | Slain by a kobold

Vault maps used:
D:1:      minmay_arrival_jagged, minmay_hexomino_c4

Action                   || total
-------------------------++-------
Melee: Spear             ||    40
Armor: Leather armour    ||    21
Dodge: Dodged            ||    49

Table legend:
 A = Spawn XP
 B = Non-spawn XP
 C = Spawn XP percentage of total XP
 D = Spawn monster count
 E = Non-spawn monster count
 F = Spawn count percentage of total count
 G = Total turns spent on level
                    A         B        C        D         E        F      G
               +---------+---------+-------+---------+---------+-------+---------
         Total |       0 |      10 |   0.0 |       0 |       5 |   0.0 |   238
               +---------+---------+-------+---------+---------+-------+---------
           D:1 |       0 |      10 |   0.0 |       0 |       5 |   0.0 |   238
               +---------+---------+-------+---------+---------+-------+---------
